 Dungeon Crawl Stone Soup version 0.23.2-40-g277498a001 (webtiles) character file.

Game seed: 14472196780767084016

6 MalarOregon the Grave Robber (level 1, -1/15 HPs)
             Began as a Draconian Necromancer on Sept 10, 2019.
             Slain by a rat (3 damage)
             ... on level 1 of the Dungeon.
             The game lasted 00:00:17 (195 turns).

MalarOregon the Grave Robber (Draconian Necromancer) Turns: 195, Time: 00:00:18

Health: -1/15      AC:  4    Str: 10    XL:     1   Next: 75%
Magic:  0/3        EV: 12    Int: 15    God:
Gold:   0          SH:  0    Dex: 11    Spells: 3/4 levels left

rFire    . . .     SeeInvis .   (no weapon)
rCold    . . .     Gourm    .   (no shield)
rNeg     . . .     Faith    .   (armour unavailable)
rPois    .         Spirit   .   (helmet restricted)
rElec    .         Reflect  .   (no cloak)
rCorr    .         Harm     .   (no gloves)
MR       .....                  (no boots)
Stlth    ++........             (no amulet)
HPRegen  0.05/turn              (no ring)
MPRegen  0.08/turn              (no ring)

@: no status effects
A: unfitting armour, cold-blooded, AC +4
a: no special abilities


You were on level 1 of the Dungeon.
You were not hungry.

You visited 1 branch of the dungeon, and saw 1 of its levels.

Inventory:

Comestibles
 a - a chunk of flesh
 e - a ration {!d}


   Skills:
 + Level 0.5 Fighting
 + Level 1.9 Dodging
 - Level 1.7 Stealth
 + Level 2.1 Spellcasting
 + Level 4.0 Necromancy


You had 3 spell levels left.
You knew the following spells:

 Your Spells              Type           Power        Failure   Level  Hunger
a - Pain                  Necr           ##..         4%          1    #......

Your spell library contained the following spells:

 Spells                   Type           Power        Failure   Level  Hunger
 Animate Skeleton         Necr           N/A          4%          1    #......
 Vampiric Draining        Necr           ##........   12%         3    ###....
 Regeneration             Chrm/Necr      #.........   28%         3    ###....
 Animate Dead             Necr           N/A          38%         4    #####..


Dungeon Overview and Level Annotations

Branches:
Dungeon (1/15)

Altars:


Innate Abilities, Weirdness & Mutations

Your plain brown scales are hard. (AC +4)
You cannot fit into any form of body armour.
You are cold-blooded and may be slowed by cold attacks.


Message History

The bat misses you.
You closely miss the bat. The bat closely misses you.
The bat hits you but does no damage. The bat closely misses you.
You closely miss the bat. The bat misses you.
You closely miss the bat. The bat barely misses you.
You miss the bat. The bat misses you. The bat hits you but does no damage.
You closely miss the bat.
Your tail-slap misses the bat.
The bat barely misses you. The bat hits you but does no damage.
A kobold comes into view.
The bat closely misses you.
You hit the bat but do no damage. The bat closely misses you.
A rat comes into view.
The kobold closely misses you.
You hit the bat. The bat hits you but does no damage.
The kobold barely misses you.
You hit the kobold but do no damage. The bat misses you.
The kobold completely misses you.
You hit the bat but do no damage.
Your tail-slap misses the bat.
The bat barely misses you. The kobold barely misses you.
You completely miss the bat.
You tail-slap the bat, but do no damage.
The bat closely misses you. The kobold hits you.
You closely miss the bat. The bat hits you but does no damage.
The kobold hits you.
You barely miss the rat. The bat misses you.
The kobold hits you but does no damage.
You hit the bat.
You kill the bat!
The rat bites you but does no damage. The kobold barely misses you.
You closely miss the rat. The rat misses you.
The kobold hits you but does no damage.
You hit the rat but do no damage. The rat barely misses you.
The kobold hits you.
* * * LOW HITPOINT WARNING * * *
Aim: a kobold (chance to defeat MR: 83%)
The kobold writhes in agony.
The kobold barely misses you. The rat barely misses you. The kobold hits you.
* * * LOW HITPOINT WARNING * * *
Aim: a kobold (moderately wounded, chance to defeat MR: 83%)
The kobold barely resists.
The kobold barely misses you. The rat bites you.
* * * LOW HITPOINT WARNING * * *
The kobold closely misses you.
Aim: a kobold (moderately wounded, chance to defeat MR: 83%)
The kobold writhes in agony.
You kill the kobold!
The kobold misses you. The rat bites you.
You die...

#. #..........#
#.##.##..#......#
#..............##
#..............#
###.....##..#..#
#.............
##...........
..##.....#..###
........@†...#
.......Kr†..##
..#....#.......#
.........#......
...........[....
.#..............
...............
###...........#


You could see a kobold and a rat.

Vanquished Creatures
  A bat (D:1)
  A giant cockroach (D:1)
  A kobold (D:1)
  3 rats (D:1)
6 creatures vanquished.

Notes
Turn   | Place    | Note
-------+----------+-------------------------------------------
     0 | D:1      | MalarOregon the Draconian Necromancer began the quest for
                  | the Orb.
     0 | D:1      | Reached XP level 1. HP: 14/14 MP: 3/3
   195 | D:1      | Slain by a rat

Action                   || total
-------------------------++-------
Melee: Unarmed           ||    51
       Tailslap          ||     2
 Cast: Pain              ||     3
 Stab: Sleeping          ||     1
Armor: Skin              ||    25
Dodge: Dodged            ||    51
